 Dungeon Crawl Stone Soup version 0.27.0-1-g7a089689b8 (webtiles) character file.

Game seed: 11382443142819255192

32 Spectrina the Ducker (level 3, 0/22 HPs)
             Began as a Deep Elf Monk on Aug 6, 2021.
             Slain by a goblin (2 damage)
             ... led by Robin
             ... on level 2 of the Dungeon.
             The game lasted 00:04:41 (583 turns).

Spectrina the Ducker (Deep Elf Monk)                 Turns: 583, Time: 00:04:42

Health: 0/22       AC:  2    Str:  8    XL:     3   Next: 10%
Magic:  0/7        EV: 13    Int: 15    God:
Gold:   21         SH:  0    Dex: 17    Spells: 3/5 levels left

rFire    . . .     SeeInvis .   a - +0 short sword
rCold    . . .     Faith    .   (no shield)
rNeg     . . .     Spirit   +   b - +0 robe
rPois    .         Reflect  .   (no helmet)
rElec    .         Harm     .   (no cloak)
rCorr    .         Rampage  .   (no gloves)
Will     .....                  (no boots)
Stlth    ++........             c - amulet of guardian spirit
HPRegen  0.07/turn              (no ring)
MPRegen  0.10/turn              (no ring)

@: no status effects
A: no striking features
a: no special abilities


You were on level 2 of the Dungeon.
You visited 1 branch of the dungeon, and saw 2 of its levels.

You collected 21 gold pieces.

Inventory:

Hand Weapons
 a - a +0 short sword (weapon)
 e - a +0 dagger
Missiles
 f - 21 poisoned darts (quivered)
Armour
 b - a +0 robe (worn)
Jewellery
 c - an amulet of guardian spirit (around neck)


   Skills:
 - Level 2.4 Fighting
 - Level 3.0 Short Blades
 - Level 3.6 Dodging
 - Level 2.4 Stealth
 + Level 1.7 Spellcasting
 * Level 1.8 Hexes
 + Level 1.9 Invocations


You had 3 spell levels left.
You knew the following spells:

 Your Spells              Type           Power      Damage    Failure   Level
a - Slow                  Hex            6%         N/A       16%         2

Your spell library contained the following spells:

 Spells                   Type           Power      Damage    Failure   Level
 Confusing Touch          Hex            6%         N/A       32%         3
 Vampiric Draining        Necr           0%         2d6       56%         3


Dungeon Overview and Level Annotations

Branches:
Dungeon (2/15)

Altars:

Annotations:
D:1 Robin


Message History

* * * LOW HITPOINT WARNING * * *
You closely miss the giant cockroach.
The giant cockroach bites you but does no damage.
You hit the giant cockroach but do no damage.
The giant cockroach bites you but does no damage.
You hit the giant cockroach but do no damage.
The giant cockroach closely misses you.
You hit the giant cockroach.
You kill the giant cockroach!
You see here a giant cockroach corpse.
You aren't carrying any potions.
There is a stone staircase leading down here.
You climb downwards.
The goblin closely misses you. The goblin hits you with a +0 dagger.
* * * LOW HITPOINT WARNING * * *
The goblin barely misses you. The goblin hits you with a +0 dagger.
There is a stone staircase leading up here.
Unknown command.
You barely miss the goblin. The goblin hits you but does no damage.
You hit the goblin.
You kill the goblin!
The goblin barely misses you.
You hit the goblin.
The goblin is moderately wounded.
The goblin barely misses you.
You closely miss the goblin.
The goblin is moderately wounded.
The goblin hits you with a +0 dagger.
* * * LOW HITPOINT WARNING * * *
You hit the goblin.
The goblin is severely wounded.
The goblin hits you with a +0 dagger.
You closely miss the goblin.
The goblin is severely wounded.
The goblin hits you with a +0 dagger.
* * * LOW HITPOINT WARNING * * *
You hit the goblin but do no damage.
The goblin is severely wounded.
The goblin hits you with a +0 dagger.
You die... # #g####### #gg@)...# #######.#

You could see a hobgoblin and 2 goblins.

Vanquished Creatures
  A dart slug (D:1)
  2 endoplasms (D:1)
  3 giant cockroaches (D:1)
  7 goblins
  2 quokkas
  4 ball pythons (D:1)
  2 bats (D:1)
  5 frilled lizards (D:1)
  3 kobolds (D:1)
  2 rats (D:1)
31 creatures vanquished.

Notes
Turn   | Place    | Note
-------+----------+-------------------------------------------
     0 | D:1      | Spectrina the Deep Elf Monk began the quest for the Orb.
     0 | D:1      | Reached XP level 1. HP: 13/13 MP: 3/3
    51 | D:1      | Reached skill level 1 in Invocations
    51 | D:1      | Found a faded altar of an unknown god.
   155 | D:1      | Reached skill level 1 in Spellcasting
   168 | D:1      | Reached XP level 2. HP: 10/18 MP: 5/5
   235 | D:1      | Learned a level 2 spell: Slow
   291 | D:1      | Reached skill level 1 in Hexes
   363 | D:2      | Noticed Robin
   500 | D:1      | Reached XP level 3. HP: 3/22 MP: 2/7
   583 | D:2      | Slain by a goblin

Illustrated notes

Levels and vault maps discovered:
D:1:      enne_arrival_octagon_isle, layout_rooms,
          hellmonk_ecumenical_altar_crossroads, minmay_hexomino_u4
D:2:      layout_loops_ring, minmay_misc_feat_encased, uniq_robin

Skill      XL: |  1  2 |
---------------+-------+-----
Invocations    | 1 |  1.9
Spellcasting   | 1 |  1.7
Hexes          | 1 |  1.8
Fighting       | |  2.4
Short Blades   | |  3.0
Dodging        | |  3.6
Stealth        | |  2.4

Action                   || total
-------------------------++-------
Melee: Short sword       ||   105
  Use: Scroll            ||     2
 Stab: Sleeping          ||     7
Armor: Robe              ||    16
Dodge: Dodged            ||    72
